 Dungeon Crawl Stone Soup version 0.30.0-19-g36f170ea60 (webtiles) character file.

Game seed: 6948979997755052204

980 PaiMei the Chiller (level 8, -12/61 HPs)
             Began as a Merfolk Ice Elementalist on May 30, 2023.
             Mangled by an ogre
             ... wielding a +0 giant club
              (25 damage)
             ... on level 6 of the Dungeon.
             The game lasted 00:11:24 (5039 turns).

PaiMei the Chiller (Merfolk Ice Elementalist)       Turns: 5039, Time: 00:11:24

Health: -12/61     AC:  6    Str:  8    XL:     8   Next: 17%
Magic:  9/23       EV: 14    Int: 16    God:
Gold:   302        SH:  0    Dex: 15    Spells: 12/16 levels left

rFire   + . .        c - +3 short sword
rCold   . . .        (no shield)
rNeg    + . .        N - +1 leather armour {rF+}
rPois   .            k - +0 helmet
rElec   .            D - scarf {repulsion}
rCorr   .            (no gloves)
SInv    .            u - +0 pair of boots
Will    .....        A - amulet of regeneration
Stlth   ++           g - ring of magical power
HPRegen 1.10/turn    G - ring of positive energy
MPRegen 0.18/turn

%: repel missiles
@: freezing walls
A: (nimble swimmer 2), mertail
a: no special abilities


You were on level 6 of the Dungeon.
You visited 1 branch of the dungeon, and saw 6 of its levels.

You collected 302 gold pieces.

Inventory:

Hand Weapons
 c - a +3 short sword (weapon)
 x - a +0 sling
 y - a +0 spear
Missiles
 d - 42 stones
 I - 2 throwing nets
Armour
 k - a +0 helmet (worn)
 u - a +0 pair of boots (worn)
 D - a scarf of repulsion (worn)
 N - a +1 leather armour of fire resistance (worn)
Magical Staves
 C - a staff of fire
Jewellery
 g - a ring of magical power (left hand)
 s - a ring of protection from fire
 A - an amulet of regeneration (around neck)
 G - a ring of positive energy (right hand)
Wands
 E - a wand of acid (9)
 H - a wand of mindburst (18)
 O - a wand of roots (11)
Scrolls
 i - 10 scrolls of identify {unknown}
 l - 2 scrolls of noise {unknown}
 m - a scroll of amnesia {unknown}
 n - 4 scrolls of poison {unknown}
 q - a scroll of fog {unknown}
 r - 2 scrolls of immolation {unknown}
 v - a scroll of brand weapon {unknown}
 w - 2 scrolls of enchant armour {unknown}
 z - a scroll of enchant weapon {unknown}
 B - 2 scrolls of summoning {unknown}
 F - a scroll of magic mapping {unknown}
 L - a scroll of blinking {unknown}
Potions
 a - 3 potions of heal wounds {unknown}
 b - a potion of magic
 e - 2 potions of flight {unknown}
 f - 2 potions of ambrosia {unknown}
 h - a potion of might {unknown}
 j - 2 potions of attraction {unknown}
 o - 4 potions of resistance {unknown}
 p - 3 potions of haste {unknown}
 t - 2 potions of mutation {unknown}
 J - 2 potions of lignification {unknown}
 K - a potion of berserk rage {unknown}
 M - a potion of curing
 P - a potion of cancellation {unknown}
 Q - a potion of degeneration {unknown}


   Skills:
 + Level 4.5 Fighting
 + Level 6.5 Dodging
 - Level 2.6 Stealth
 + Level 4.6 Spellcasting
 + Level 6.6 Ice Magic


You had 12 spell levels left.
You knew the following spells:

 Your Spells              Type           Power      Damage    Failure   Level
a - Freeze                Ice            100%       1d10      1%          1
b - Frozen Ramparts       Ice            50%        1d8       4%          3

Your spell library contained the following spells:

 Spells                   Type           Power      Damage    Failure   Level
 Ozocubu's Armour         Ice            25%        N/A       4%          3
 Summon Ice Beast         Ice/Summ       14%        N/A       52%         4


Dungeon Overview and Level Annotations

Branches:
Dungeon (6/15)
 Temple: D:4-7

Altars:
Ashenzari
Hepliaklqana

Annotations:
D:4 Menkaure


Innate Abilities, Weirdness & Mutations

((You are very nimble when in or above water. (Stealth+, EV+, Speed+++)))
Your lower body shifts to a powerful aquatic tail in water.


Message History

Casting: Freeze (safe; 1% risk of failure)
Confirm with . or Enter, or press ? or * to list all spells.
Aiming: Freeze (safe; 1% risk of failure)
Press: ? - help, Shift-Dir - straight line, f/p - shadow imp
Aim: a shadow imp (heavily wounded)
You freeze the shadow imp.
The shadow imp resists.
The shadow imp is severely wounded.
The shadow imp completely resists.
The wall freezes the shadow imp but does no damage.
The shadow imp hits you.
The wall freezes the white imp but does no damage.
Casting: Freeze (safe; 1% risk of failure)
Confirm with . or Enter, or press ? or * to list all spells.
Aiming: Freeze (safe; 1% risk of failure)
Press: ? - help, Shift-Dir - straight line, f/p - shadow imp
Aim: a shadow imp (severely wounded)
You freeze the shadow imp but do no damage.
The shadow imp completely resists.
The wall freezes the ogre.
The ogre hits you with a +0 giant club!!
The wall freezes the gnoll.
The gnoll barely misses you.
The white imp resists.
The wall freezes the white imp.
The shadow imp resists.
The wall freezes the shadow imp.
The shadow imp barely misses you.
Casting: Freeze (safe; 1% risk of failure)
Confirm with . or Enter, or press ? or * to list all spells.
Aiming: Freeze (safe; 1% risk of failure)
Press: ? - help, Shift-Dir - straight line, f/p - shadow imp
Aim: a shadow imp (severely wounded)
You freeze the shadow imp but do no damage.
The shadow imp completely resists.
The wall freezes the gnoll.
The gnoll hits you from afar with a +0 spear.
* * * LOW HITPOINT WARNING * * *
The wall freezes the white imp but does no damage.
The shadow imp completely resists.
The wall freezes the shadow imp but does no damage.
The shadow imp gestures at you. Pain shoots through your body!
* * * LOW HITPOINT WARNING * * *
The wall freezes the ogre.
The ogre hits you with a +0 giant club!!
You die...

.. ## #.
.#
#.###.##
..#...
#.#..
#.#.g5
#.#5O#
#.#)@#
#####.#..#
.#
......#.##
.# #.#
#....## .#
#.#
#.....# .
#.# ##
#[..#.# #
#.##.#
###...#.#
# #....#
#.....#.#
####..#
#.#####.#


You could see an ogre, a gnoll, a white imp and a shadow imp.

Vanquished Creatures
  An acid dragon (D:5)
  Duvessa (D:4)
  2 scorpions
  Dowan (D:4)
  A howler monkey (D:5)
  2 hounds
  A jelly (D:5)
  2 orc priests
  2 gnoll boudas
  A sleepcap (D:5)
  An iguana (D:5)
  Natasha (D:4)
  A mummy (D:4)
  Robin (D:2)
  12 gnolls
  4 adders
  An ufetubus (D:5)
  A worm (D:3)
  2 dart slugs (D:1)
  10 orcs
  4 endoplasms
  9 goblins
  4 hobgoblins
  5 jackals
  7 quokkas
  6 ball pythons
  7 bats
  2 frilled lizards
  A hobgoblin zombie (D:4)
  5 kobolds
  2 kobold zombies (D:4)
  An orc zombie (D:4)
  A rat (D:1)
102 creatures vanquished.

Notes
Turn   | Place    | Note
-------+----------+-------------------------------------------
     0 | D:1      | PaiMei the Merfolk Ice Elementalist began the quest for the
                  | Orb.
     0 | D:1      | Reached XP level 1. HP: 13/13 MP: 3/3
   166 | D:1      | Reached XP level 2. HP: 9/19 MP: 1/5
   668 | D:1      | Reached XP level 3. HP: 19/24 MP: 6/6
   767 | D:1      | Learned a level 3 spell: Frozen Ramparts
  1050 | D:2      | Noticed Robin
  1058 | D:2      | Killed Robin
  1059 | D:2      | Reached skill level 1 in Fighting
  1123 | D:2      | Found a broken altar of Ashenzari.
  1220 | D:2      | Reached XP level 4. HP: 32/32 MP: 7/7
  1781 | D:3      | You fall into a shaft and drop 1 floor!
  1966 | D:4      | Noticed Dowan
  1968 | D:4      | Noticed Duvessa
  1977 | D:4      | Killed Duvessa
  1978 | D:4      | Reached skill level 5 in Ice Magic
  1978 | D:4      | Reached XP level 5. HP: 18/38 MP: 8/9
  2465 | D:3      | Reached XP level 6. HP: 33/46 MP: 10/10
  3052 | D:4      | Noticed Natasha
  3077 | D:4      | Killed Natasha
  3078 | D:4      | Reached skill level 5 in Dodging
  3188 | D:4      | Found a hazy altar of Hepliaklqana.
  3229 | D:4      | Noticed Menkaure
  3633 | D:4      | Killed Dowan
  3634 | D:4      | Reached XP level 7. HP: 41/52 MP: 12/12
  3717 | D:5      | Entered Level 5 of the Dungeon
  4737 | D:5      | Reached XP level 8. HP: 60/60 MP: 14/14
  5039 | D:6      | Mangled by an ogre

Illustrated notes

Levels and vault maps discovered:
D:1:      minmay_arrival_four_houses, layout_basic, lemuel_flame_loot_1
D:2:      layout_basic, basic_altar, hangedman_decor_push, uniq_robin
D:3:      layout_loops_ring
D:4:      layout_basic, lemuel_coloured_pillars_altar,
          chequers_serial_rivers_micro_c, minmay_mini_ossuary, uniq_duvessa,
          uniq_menkaure, uniq_natasha
D:5:      layout_basic
D:6:      layout_rooms

Skill      XL: |  1  2  3  4  5  6  7 |
---------------+----------------------+-----
Dodging        | 3 4 5 6 |  6.5
Fighting       | 1 2 3 4 |  4.5
Spellcasting   | 3 4 |  4.6
Ice Magic      | 5 6 |  6.6
Stealth        | |  2.6

Action                     |  1- 3 |  4- 6 |  7- 9 || total
---------------------------+-------+-------+-------++-------
  Melee: Short sword       |    43 |    78 |    19 ||   140
         Punch             |     1 |     1 |     2 ||     4
   Cast: Freeze            |    12 |    39 |    47 ||    98
         Frozen Ramparts   |     1 |     8 |    10 ||    19
   Stab: Sleeping          |     2 |     2 |       ||     4
 Armour: Robe              |     5 |       |       ||     5
         Animal skin       |     1 |    21 |    10 ||    32
         Leather armour    |       |       |     6 ||     6
  Dodge: Dodged            |    21 |    76 |    61 ||   158
